 Dungeon Sprint DCSS version 0.18.1-50-g88ac8fd (webtiles) character file.

1739 Kagutsuchi the Fighter (level 8, -5/85 HPs)
             Began as a Green Draconian Berserker on Oct 22, 2016.
             Was a High Priest of Trog.
             Slain by a yaktaur (19 damage)
             ... in the Dungeon (Sprint II: "The Violet Keep of Menkaure").
             The game lasted 00:04:09 (402 turns).

Kagutsuchi the Fighter (Green Draconian Berserker)   Turns: 402, Time: 00:04:09

Health: -5/85      AC:  6    Str: 18 (19) XL:     8   Next: 77%
Magic:  8/8        EV: 18    Int:  8      God:    Trog [*****.]
Gold:   291        SH:  0    Dex: 13      Spells: 0 memorised, 7 levels left

rFire  . . .     SeeInvis .     d - +4 lajatang (venom)
rCold  . . .     Gourm    .     (armour unavailable)
rNeg   . . .     Faith    .     (shield currently unavailable)
rPois  +         Spirit   .     (helmet restricted)
rElec  .         Dismiss  .     (no cloak)
rCorr  .         Reflect  .     (no gloves)
SustAt .         Harm     .     (no boots)
MR     ++...     NoTele   +     (no amulet)
Stlth  +.........               (no ring)
                                (no ring)

@: short of breath, very slightly contaminated, hasted, very quick, very
resistant to hostile enchantments, very unstealthy
A: breathe noxious fumes, unfitting armour, deterioration 2, magic resistance 2,
poison resistance, wild magic 1, cold-blooded, AC +6
a: Breathe Noxious Fumes, Berserk, Trog's Hand, Brothers in Arms, Burn
Spellbooks, Renounce Religion


You were in the Dungeon.
You worshipped Trog.
Trog was extremely pleased with you.
You were very hungry.

You visited 1 branch You collected 986 gold pieces.
You spent 695 gold pieces at shops.

Inventory:

Hand Weapons
 a - a +0 falchion
 d - a +4 lajatang of venom (weapon)
Scrolls
 h - a scroll of blinking
Potions
 f - 2 potions of magic
 g - a potion of berserk rage
 i - a potion of mutation
 n - a potion of resistance {unknown}
Comestibles
 b - 2 bread rations
 j - 3 fruits
 k - a slice of pizza
 l - a beef jerky
 m - a meat ration


   Skills:
 + Level 12.4 Fighting
 + Level 11.4 Long Blades
 + Level 0.4 Staves
 + Level 11.1 Dodging
 + Level 0.2 Stealth


You had 7 spell levels left.
You didn't know any spells.

Dungeon Overview and Level Annotations

Branches:
Dungeon (1/1)

Altars:
Cheibriados
Dithmenos
Elyvilon
Fedhas
Gozag
Kikubaaqudgha
Makhleb
Nemelex Xobeh
Okawaru
Pakellas
Qazlal
Ru
Sif Muna
Trog
Vehumet
Xom
Yredelemnul
Zin
The Shining One
Beogh
Jiyva
Lugonu

Shops:
D }:=!!:=(%*[?[(*[

Annotations:
D exclusions: oklob plant and orange crystal statue


Innate Abilities, Weirdness & Mutations

You can breathe blasts of noxious fumes.
Your lurid green scales are hard (AC +6).
Your body does not fit into most forms of armour.
Your system is resistant to poisons.
You are cold-blooded and may be slowed by cold attacks.
Your body often deteriorates upon taking damage.
You are highly resistant to hostile enchantments.
Your spells are a little harder to cast, but a little more powerful.


Message History

The polar bear barely misses the yaktaur. x2
The polar bear claws the yaktaur but does no damage.
You slash the polar bear!
The polar bear looks even sicker.
The polar bear is severely wounded.
The polar bear is engulfed in noxious fumes.
The polar bear appears confused.
The yaktaur unwields an uncursed arbalest.
The yaktaur hits you.
* * * LOW HITPOINT WARNING * * *
There is an open door, spattered with blood here.
You catch the helpless polar bear completely off-guard!
You hit the polar bear.
You tail-slap the polar bear, but do no damage.
The polar bear is severely wounded.
The polar bear is engulfed in noxious fumes.
The polar bear appears confused.
There is a deep blue altar of Sif Muna, spattered with blood here.
You see here a bolt.
The yaktaur hits you!!
You die...

#.### +.### .#..# ...#
.#.####..## #..# .#
#†###.##..# +..# .# $
#.##...#..# #..# .# ")
.<.'.#.+.§####..##.# [!?
#.##.).#....###h§.##▓▓▓▓
#'###.##......≈≈≈c≈≈≈≈≈≈
...####≈≈§....≈#@#######
.##.#≈§≈†≈≈≈..≈#_._.....
# ##≈§≈≈§§§≈.≈#._._....
#+##≈≈≈≈≈§≈≈≈§≈#_._._...
≈≈≈≈≈≈≈§≈§≈§≈≈§#._._._..
+#+++#≈§§§§§≈§≈#_._._._.
≈§≈≈ ##≈≈§###≈≈#._._._..
≈§§≈≈≈##§§# #≈§#.._._._.
§8≈≈≈≈§+§≈# #≈≈#..._._..


You could see a polar bear (confused) and a yaktaur.

Vanquished Creatures
  A siren (D)
  2 polar bears (D)
  4 neqoxecs (D)
  2 hippogriffs (D)
  A wasp (D)
  A crocodile (D)
  A scorpion (D)
  4 worker ants (D)
16 creatures vanquished.

Vanquished Creatures (others)
  Menkaure (D)
  A crocodile (D)
2 creatures vanquished.

Grand Total: 18 creatures vanquished

Notes
Turn   | Place    | Note
--------------------------------------------------------------
     0 | D        | Kagutsuchi the Draconian Berserker began the quest for the Orb.
     0 | D        | Reached XP level 1. HP: 19/19 MP: 1/1
     1 | D        | Noticed a hippogriff
     1 | D        | Noticed a hippogriff
     8 | D        | Killed a hippogriff
     8 | D        | Reached skill level 6 in Fighting
     8 | D        | Reached skill level 5 in Dodging
     8 | D        | Reached XP level 2. HP: 12/31 MP: 2/2
     8 | D        | Reached XP level 3. HP: 15/38 MP: 3/3
     8 | D        | Reached XP level 4. HP: 18/45 MP: 4/4
    11 | D        | Killed a hippogriff
    11 | D        | Reached ** piety under Trog
    11 | D        | Reached skill level 8 in Fighting
    11 | D        | Reached XP level 5. HP: 6/56 MP: 5/5
    53 | D        | Killed Menkaure
    74 | D        | Noticed a siren
    97 | D        | Killed a siren
    97 | D        | Reached skill level 10 in Fighting
    97 | D        | Reached XP level 6. HP: 55/67 MP: 6/6
    97 | D        | Your scales start taking on a lurid green colour.
    97 | D        | Reached XP level 7. HP: 60/73 MP: 7/7
    97 | D        | Gained mutation: Your system is resistant to poisons. [Green Draconian growth]
   131 | D        | Reached *** piety under Trog
   157 | D        | Noticed a neqoxec
   157 | D        | Noticed a neqoxec
   157 | D        | Noticed a neqoxec
   157 | D        | Noticed a neqoxec
   165 | D        | Killed a neqoxec
   165 | D        | Reached **** piety under Trog
   165 | D        | Reached skill level 11 in Fighting
   165 | D        | Reached skill level 10 in Long Blades
   170 | D        | Killed a neqoxec
   174 | D        | Gained mutation: Your body sometimes deteriorates upon taking damage. [a neqoxec]
   175 | D        | Killed a neqoxec
   175 | D        | Reached XP level 8. HP: 82/82 MP: 8/8
   178 | D        | Gained mutation: Your body often deteriorates upon taking damage. [a neqoxec]
   180 | D        | Reached skill level 10 in Dodging
   193 | D        | Found Liaview's Antique Weapon Emporium.
   193 | D        | Found Unedghiack's Antique Armour Emporium.
   193 | D        | Found Durchaot's Assorted Antiques.
   193 | D        | Found Rygrud's Armour Shoppe.
   193 | D        | Found Fuwuotae's Assorted Antiques.
   193 | D        | Found Houtuerph's Food Emporium.
   193 | D        | Found Ruud's Magic Scroll Emporium.
   193 | D        | Found Xunn's Weapon Shoppe.
   194 | D        | Found Hoyqaek's Jewellery Emporium.
   194 | D        | Found Copnonug's Book Shoppe.
   194 | D        | Found Isit Nubbo's Distillery.
   195 | D        | Found Okher's Antique Armour Emporium.
   195 | D        | Noticed a hell hog
   196 | D        | Found Axoitel's Distillery.
   196 | D        | Found Wallim's Jewellery Emporium.
   196 | D        | Noticed a hell hog
   196 | D        | Noticed an oklob plant
   197 | D        | Found Utyrhill's Gadget Shoppe.
   197 | D        | Found Figejen's Book Shoppe.
   204 | D        | Reached ***** piety under Trog
   212 | D        | Noticed a griffon
   213 | D        | Noticed a griffon
   215 | D        | Bought a runed lajatang for 330 gold pieces
   218 | D        | Noticed a griffon
   226 | D        | Bought a potion of curing for 42 gold pieces
   226 | D        | Bought a potion of curing for 42 gold pieces
   226 | D        | Bought a potion of mutation for 35 gold pieces
   226 | D        | Bought a potion of mutation for 35 gold pieces
   226 | D        | Gained mutation: You are resistant to hostile enchantments. [potion of mutation]
   226 | D        | Gained mutation: You are highly resistant to hostile enchantments. [potion of mutation]
   226 | D        | Gained mutation: Your spells are a little harder to cast, but a little more powerful. [potion of mutation]
   229 | D        | Bought 3 fruits for 49 gold pieces
   229 | D        | Bought a slice of pizza for 16 gold pieces
   229 | D        | Bought a beef jerky for 16 gold pieces
   229 | D        | Bought a bread ration for 55 gold pieces
   229 | D        | Bought a meat ration for 55 gold pieces
   243 | D        | Bought a smoky golden potion for 20 gold pieces
   347 | D        | Noticed an orange crystal statue
   359 | D        | Found a deep blue altar of Sif Muna.
   359 | D        | Found a radiant altar of Vehumet.
   359 | D        | Found a shimmering altar of Xom.
   360 | D        | Found a blossoming altar of Fedhas.
   360 | D        | Found a basalt altar of Yredelemnul.
   360 | D        | Found a glowing silver altar of Zin.
   361 | D        | Found a white marble altar of Elyvilon.
   361 | D        | Found a stormy altar of Qazlal.
   361 | D        | Found a corrupted altar of Lugonu.
   361 | D        | Found a viscous altar of Jiyva.
   362 | D        | Found a glowing golden altar of the Shining One.
   362 | D        | Found a bloodstained altar of Trog.
   362 | D        | Found a sacrificial altar of Ru.
   362 | D        | Found an oddly glowing altar of Pakellas.
   363 | D        | Found a roughly hewn altar of Beogh.
   363 | D        | Found a shadowy altar of Dithmenos.
   363 | D        | Found a burning altar of Makhleb.
   366 | D        | Found a snail-covered altar of Cheibriados.
   366 | D        | Found an opulent altar of Gozag.
   367 | D        | Found an iron altar of Okawaru.
   368 | D        | Noticed a polar bear
   369 | D        | Noticed a polar bear
   370 | D        | Noticed a polar bear
   370 | D        | Found an ancient bone altar of Kikubaaqudgha.
   371 | D        | Found a sparkling altar of Nemelex Xobeh.
   372 | D        | Noticed a yaktaur
   380 | D        | Killed a polar bear
   380 | D        | Reached skill level 12 in Fighting
   394 | D        | Killed a polar bear
   402 | D        | Slain by a yaktaur

Skill      XL: |  1  2  3  4  5  6  7  8 |
---------------+-------------------------+-----
Fighting       | 6 8 10 11 12 | 12.4
Long Blades    | 6 7 9 10 11 | 11.4
Dodging        | 5 7 8 9 11 | 11.1
Staves         | |  0.4
Stealth        | |  0.2

Action                   |  1- 3 |  4- 6 |  7- 9 || total
-------------------------+-------+-------+-------++-------
Melee: Falchion          |     6 |    23 |    50 ||    79
       Tailslap          |     1 |     5 |    15 ||    21
       Lajatang          |       |       |    20 ||    20
Invok: Berserk           |     1 |       |     1 ||     2
 Abil: Breathe Noxious F |       |       |     2 ||     2
  Use: Potion            |       |     1 |     5 ||     6
 Stab: Confused          |       |       |     1 ||     1
Armor: Skin              |     1 |     1 |    23 ||    25
Dodge: Dodged            |     3 |     2 |    74 ||    79
